 Dungeon Crawl Stone Soup version 0.20.1-1-g8b1a95d (webtiles) character file.

10700 cochise the Basher (level 11, 0/136 HPs)
             Began as a Minotaur Berserker on Sept 16, 2017.
             Was a High Priest of Trog.
             Slain by a thrashing horror (1 damage)
             ... on level 1 of the Abyss.
             The game lasted 01:11:56 (8503 turns).

cochise the Basher (Minotaur Berserker)             Turns: 8503, Time: 01:11:58

Health: 0/136      AC:  5    Str: 29    XL:     11   Next: 39%
Magic:  7/10       EV:  8    Int: -1 (2) God:    Trog [*****.]
Gold:   675        SH:  3    Dex: 11    Spells: 10/10 levels left

rFire    . . .     SeeInvis .   B - +1 flail (holy)
rCold    . . .     Gourm    .   Q - +0 buckler
rNeg     . . .     Faith    +   L - +0 plate armour
rPois    .         Spirit   .   (helmet restricted)
rElec    .         Reflect  .   V - +0 cloak
rCorr    .         Harm     .   H - +0 pair of gloves
MR       ++...                  h - +0 pair of boots
Stlth    ..........             J - amulet of faith
Regen    1.4/turn               (no ring)
MPRegen  0.2/turn               (no ring)

@: berserking, corroded, regenerating, slowed, lost intelligence
A: retaliatory headbutt, horns 2, molten scales 1, dopey 1, frail 1, MP-powered
wands
a: Berserk, Trog's Hand, Brothers in Arms, Burn Spellbooks, Renounce Religion


You were on level 1 of the Abyss.
You worshipped Trog.
Trog was extremely pleased with you.
You were not hungry.

You visited 1 branch of the dungeon, and saw 9 of its levels.
You visited the Abyss 1 time.
You also visited: Ossuary.

You collected 675 gold pieces.

Inventory:

Hand Weapons
 g - a +0 mace of distortion
 j - a +6 great mace of holy wrath
 l - a +0 whip of electrocution
 B - a +1 flail of holy wrath (weapon)
 S - a +0 whip of flaming
 X - a +2 long sword of draining
Missiles
 f - 2 exploding tomahawks
 p - 64 sling bullets
 x - 11 poisoned needles (quivered)
 R - 4 needles of paralysis
Armour
 h - a +0 pair of boots (worn)
 C - a +2 ring mail of cold resistance
 H - a +0 pair of gloves (worn)
 L - a +0 plate armour (worn)
 O - +0 steam dragon scales
 Q - a +0 buckler (worn)
 U - a +0 troll leather armour
 V - a +0 cloak (worn)
Jewellery
 J - an amulet of faith (around neck)
 T - an uncursed ring of positive energy {unknown}
Wands
 s - a wand of scattershot (6/9)
 y - a wand of polymorph (6/24)
 A - a wand of polymorph (20/24)
 D - a wand of digging (2/24)
 G - a wand of acid (11/15)
 I - a wand of random effects (24/48)
 P - a wand of flame (28/48)
 W - a wand of paralysis (5/24)
Scrolls
 a - 4 scrolls of recharging {unknown}
 k - 3 scrolls of fog {unknown}
 o - 2 scrolls of amnesia
 u - 6 scrolls of remove curse
 v - 2 scrolls of teleportation
 w - 3 scrolls of identify
Potions
 b - 4 potions of flight
 d - 3 potions of berserk rage
 e - a potion of degeneration {unknown}
 i - 2 potions of curing
 q - 2 potions of lignification {unknown}
 t - a potion of agility {unknown}
 z - 4 potions of magic
 E - a potion of invisibility {unknown}
 F - a potion of mutation {unknown}
 K - 2 potions of might {unknown}
 M - 2 potions of ambrosia {unknown}
Comestibles
 c - 8 bread rations
 m - 3 meat rations
 n - a royal jelly
 r - 3 chunks of flesh
 N - 4 fruits


   Skills:
 + Level 11.2 Fighting
 * Level 14.9 Maces & Flails
 + Level 11.0 Armour
 - Level 2.1 Dodging


You had 10 spell levels left.
You didn't know any spells.

Dungeon Overview and Level Annotations

Branches:
Dungeon (9/15)             Temple (0/1) D:4
   Lair: D:8-11         Orc: D:9-12

Altars:
Ashenzari
Dithmenos
Gozag
Okawaru
Trog
Yredelemnul
The Shining One

Shops:
D:5 [   D:6 }   D:9 *

Annotations:
D:9 Psyche


Innate Abilities, Weirdness & Mutations

You reflexively headbutt those who attack you in melee.
You have a pair of horns on your head.
You are partially covered in molten scales. (AC +2)
You are dopey. (Int -2)
You are frail. (-10% HP)
You expend magic power (3 MP) to strengthen your wands.


Message History

The thrashing horror is heavily damaged.
The thrashing horror tramples you.
* * * LOW HITPOINT WARNING * * *
You hold your ground!
The thrashing horror tramples you but does no damage.
You hit the thrashing horror but do no damage.
The thrashing horror is heavily damaged.
The thrashing horror tramples you.
* * * LOW HITPOINT WARNING * * *
You hold your ground!
The thrashing horror tramples you.
* * * LOW HITPOINT WARNING * * *
You hold your ground!
You are too berserk!
You hit the thrashing horror but do no damage.
The thrashing horror is heavily damaged.
The thrashing horror tramples you!
* * * LOW HITPOINT WARNING * * *
You hold your ground!
The thrashing horror barely misses you. The thrashing horror tramples you.
You die...

#.##. ......
# ..
...3...#.
.#... ...# #
# ..####5##
##ยง #
.#.#...## . .
.....# .
35........
###55...#..##
#@X#5.. ## #
#### 4## ##
...# .#...#
..#..# .# #
#.# . # #. #.


You could see a thrashing horror, an iron imp and a shadow imp.

Vanquished Creatures
  The ghost of Terandir the Cleaver, a novice MiFi of Cheibriados (D:9)
  2 two-headed ogres
  A deep elf mage (D:9)
  Pikel (D:8)
  A rust devil (Abyss:1)
  Maurice (D:9)
  An ancient zyme (Abyss:1)
  2 trolls
  3 raiju (Abyss:1)
  A hippogriff (D:9)
  Sigmund (D:4)
  A spriggan (D:7)
  A wraith (Ossuary)
  5 yaks (D:9)
  A hungry ghost (D:9)
  3 steam dragons
  Edmund (D:4)
  The ghost of Monsterracer the Ruffian, an amateur BaTm (D:3)
  Duvessa (D:7)
  3 sky beasts
  A black bear (D:8)
  3 orc warriors
  3 phantoms
  A slave (D:8)
  4 ogres
  An eye of draining (D:9)
  A necrophage (D:9)
  2 centaurs
  A big kobold (D:9)
  Blork the orc (D:4)
  2 bullfrogs (D:6)
  Dowan (D:7)
  6 killer bees (D:8)
  2 scorpions
  2 howler monkeys
  4 crimson imps
  A starcursed mass (Abyss:1)
  4 small abominations (Abyss:1)
  2 jellies
  4 hounds
  2 orc priests
  8 orc wizards
  2 bullfrog skeletons
  An iron imp (Abyss:1)
  2 iguanas
  4 worker ants
  2 hound skeletons (D:6)
  A mummy (Ossuary)
  2 worker ant zombies
  3 gnolls (D:6)
  12 adders
  A shadow imp (D:7)
  An ufetubus (Abyss:1)
  An ooze (D:1)
  An adder skeleton (D:5)
  3 worms
  3 dart slugs (D:2)
  3 leopard geckos
  27 orcs
  4 ball pythons
  5 giant cockroaches
  7 hobgoblins
  9 jackals (D:9)
  6 quokkas
  4 bats
  5 frilled lizards
  2 gnoll skeletons (Ossuary)
  12 goblins
  10 kobolds
  6 kobold skeletons (Ossuary)
  A leopard gecko zombie (D:8)
  17 orc skeletons (Ossuary)
  6 rats
251 creatures vanquished.

Vanquished Creatures (others)
  A fungus (D:8)
1 creature vanquished.

Grand Total: 252 creatures vanquished

Notes
Turn   | Place    | Note
-------+----------+-------------------------------------------
     0 | D:1      | cochise the Minotaur Berserker began the quest for the Orb.
     0 | D:1      | Reached XP level 1. HP: 19/19 MP: 0/0
   368 | D:1      | Reached skill level 4 in Maces & Flails
   368 | D:1      | Reached XP level 2. HP: 23/27 MP: 1/1
   722 | D:2      | Reached XP level 3. HP: 29/33 MP: 2/2
   860 | D:2      | Found a glowing golden altar of the Shining One.
   868 | D:2      | Reached ** piety under Trog
   947 | D:2      | Reached XP level 4. HP: 31/40 MP: 3/3
  1394 | D:3      | Found a basalt altar of Yredelemnul.
  1459 | D:3      | Noticed Monsterracer's ghost (amateur BaTm)
  1468 | D:3      | Reached skill level 5 in Maces & Flails
  1475 | D:3      | Killed Monsterracer's ghost
  1475 | D:3      | Reached XP level 5. HP: 27/47 MP: 4/4
  1687 | D:3      | Reached skill level 6 in Maces & Flails
  1845 | D:3      | Found a shadowy altar of Dithmenos.
  1920 | D:3      | Reached skill level 5 in Fighting
  2252 | D:3      | Found an iron altar of Okawaru.
  2338 | D:4      | Reached XP level 6. HP: 44/56 MP: 5/5
  2490 | D:4      | Noticed Blork the orc
  2499 | D:4      | Killed Blork the orc
  2701 | D:4      | Found a staircase to the Ecumenical Temple.
  2850 | D:4      | Noticed Edmund
  2902 | D:4      | Noticed Sigmund
  2915 | D:4      | Killed Edmund
  2915 | D:4      | Reached skill level 7 in Maces & Flails
  2915 | D:4      | Reached skill level 5 in Armour
  2952 | D:4      | Killed Sigmund
  2952 | D:4      | Reached XP level 7. HP: 37/62 MP: 6/6
  3105 | D:4      | Gained mutation: You are frail. (-10% HP) [mutagenic glow]
  3210 | D:4      | Gained mutation: You expend magic power (3 MP) to strengthen your wands. [mutagenic glow]
  3223 | D:4      | Reached *** piety under Trog
  3230 | D:4      | Reached skill level 8 in Maces & Flails
  3350 | D:5      | Entered Level 5 of the Dungeon
  3359 | D:5      | Found Wipsidy's Antique Armour Emporium.
  3508 | D:5      | Reached XP level 8. HP: 46/63 MP: 7/7
  3517 | D:5      | Gained mutation: You are dopey. (Int -2) [mutagenic meat]
  3518 | D:5      | Gained mutation: You are partially covered in molten scales. (AC +2) [mutagenic meat]
  3662 | D:5      | Reached skill level 9 in Maces & Flails
  3714 | D:5      | You fall through a shaft for 2 floors!
  3714 | D:7      | Found a bloodstained altar of Trog.
  3744 | D:7      | Found a shattered altar of Ashenzari.
  3866 | D:6      | Found Heelacw's Quality Used Wands.
  3953 | D:6      | Found a glowing drain.
  3987 | D:6      | Found a sand-covered staircase.
  4014 | D:6      | Reached skill level 10 in Maces & Flails
  4372 | Ossuary  | Entered an ossuary
  4441 | Ossuary  | Reached **** piety under Trog
  4498 | Ossuary  | Reached XP level 9. HP: 57/72 MP: 8/8
  4710 | D:5      | Noticed a two-headed ogre
  4718 | D:5      | Killed a two-headed ogre
  4718 | D:5      | Reached skill level 11 in Maces & Flails
  5345 | D:7      | Noticed Dowan
  5348 | D:7      | Noticed Duvessa
  5363 | D:7      | Killed Duvessa
  5367 | D:7      | Killed Dowan
  5392 | D:7      | Reached skill level 12 in Maces & Flails
  5671 | D:8      | Noticed a troll
  5677 | D:8      | Killed a troll
  5769 | D:8      | Noticed Pikel
  5776 | D:8      | Killed Pikel
  5776 | D:8      | Reached XP level 10. HP: 56/81 MP: 9/9
  6432 | D:8      | Reached ***** piety under Trog
  6826 | D:8      | Reached skill level 13 in Maces & Flails
  6996 | D:9      | Noticed a two-headed ogre
  7006 | D:9      | Killed a two-headed ogre
  7006 | D:9      | Reached skill level 10 in Fighting
  7033 | D:9      | Noticed a deep elf mage
  7046 | D:9      | Killed a deep elf mage
  7046 | D:9      | Reached skill level 10 in Armour
  7084 | D:9      | Noticed Terandir's ghost (novice MiFi)
  7119 | D:9      | Killed Terandir's ghost
  7215 | D:9      | Reached skill level 14 in Maces & Flails
  7241 | D:9      | Noticed Maurice
  7250 | D:9      | Killed Maurice
  7361 | D:9      | Reached XP level 11. HP: 86/90 MP: 10/10
  7579 | D:9      | Found an opulent altar of Gozag.
  7581 | D:9      | Found Gozag's Platinum Reserve.
  7776 | D:9      | Noticed Psyche
  7792 | D:9      | Cast into level 1 of the Abyss (Psyche)
  7799 | Abyss:1  | Got a bloodstained quarterstaff
  7855 | Abyss:1  | Noticed a starcursed mass
  7951 | Abyss:1  | Noticed a daeva
  8356 | Abyss:1  | Found a corrupted altar of Lugonu.
  8372 | Abyss:1  | Noticed a green death
  8382 | Abyss:1  | Noticed a starcursed mass
  8483 | Abyss:1  | Noticed a thrashing horror
  8487 | Abyss:1  | Lost intelligence.
  8496 | Abyss:1  | Received a gift from Trog
  8503 | Abyss:1  | HP: 1/136 [thrashing horror (10)]
  8503 | Abyss:1  | Slain by a thrashing horror

Skill      XL: |  1  2  3  4  5  6  7  8  9 10 11 |
---------------+----------------------------------+-----
Maces & Flails | 4 5 6 7 8 10 12 14 | 14.9
Fighting       | 4 5 6 7 9 10 11 | 11.2
Armour         | 3 4 5 6 7 9 10 11 | 11.0
Dodging        | |  2.1

Action                   |  1- 3 |  4- 6 |  7- 9 | 10-12 || total
-------------------------+-------+-------+-------+-------++-------
Melee: Mace              |    62 |    99 |       |       ||   161
       Headbutt          |    14 |    16 |    51 |    67 ||   148
       Flail             |       |       |   297 |   332 ||   629
Invok: Trog's Hand       |       |     1 |     4 |     7 ||    12
       Burn Spellbooks   |       |       |     1 |     1 ||     2
       Berserk           |       |       |       |     1 ||     1
Evoke: Wand              |       |       |       |     1 ||     1
  Use: Scroll            |       |       |     9 |     6 ||    15
       Potion            |       |       |     3 |     7 ||    10
  Eat: Chunk             |       |     7 |    10 |    11 ||    28
       Royal jelly       |       |       |     1 |       ||     1
       Bread ration      |       |       |       |     1 ||     1
Armor: Scale mail        |     3 |       |       |       ||     3
       Chain mail        |    26 |    56 |       |       ||    82
       Ring mail         |       |       |    93 |       ||    93
       Plate armour      |       |       |    43 |   197 ||   240
Dodge: Dodged            |    28 |    40 |   145 |    77 ||   290
Block: Buckler           |       |       |     1 |    34 ||    35
